 Dungeon Crawl Stone Soup version 0.19.1-28-ge1247f7 (webtiles) character file.

212 Naow the Conjurer (level 5, -1/28 HPs)
             Began as a Deep Elf Conjurer on Jan 21, 2017.
             Killed from afar by an orc wizard (8 damage)
             ... with a puff of flame
             ... on level 3 of the Dungeon.
             The game lasted 00:04:42 (2204 turns).

Naow the Conjurer (Deep Elf Conjurer)               Turns: 2204, Time: 00:04:42

Health: -1/28      AC:  2    Str:  5    XL:     5   Next: 58%
Magic:  8/13       EV: 14    Int: 21    God:
Gold:   88         SH:  0    Dex: 15    Spells: 2 memorised, 10 levels left

rFire  . . .     SeeInvis .     (no weapon)
rCold  . . .     Gourm    .     a - +0 robe
rNeg   . . .     Faith    .     (no shield)
rPois  .         Spirit   .     (no helmet)
rElec  .         Reflect  .     (no cloak)
rCorr  .         Harm     .     (no gloves)
MR     .....                    (no boots)
Stlth  ++........               (no amulet)
                                (no ring)
                                (no ring)

@: no status effects
A: no striking features
a: no special abilities


You were on level 3 of the Dungeon.
You were not hungry.

You visited 1 branch of the dungeon, and saw 3 of its levels.

You collected 88 gold pieces.

Inventory:

Armour
 a - a +0 robe (worn)
Jewellery
 e - an uncursed ring of protection from cold {unknown}
 r - a +4 amulet of reflection {unknown}
 y - a cursed -3 ring of intelligence {unknown}
Scrolls
 k - a scroll of remove curse {unknown}
 n - 3 scrolls of teleportation {unknown}
 o - 2 scrolls of noise {unknown}
 p - 4 scrolls of identify {unknown}
 q - a scroll of random uselessness {unknown}
 s - a scroll of enchant weapon {unknown}
 t - a scroll of fear {unknown}
 u - a scroll of enchant armour {unknown}
 w - a scroll of magic mapping {unknown}
Potions
 d - a potion of mutation {unknown}
 g - a potion of cure mutation {unknown}
 h - 2 potions of berserk rage {unknown}
 j - a potion of invisibility
 l - a potion of might {unknown}
 m - a potion of heal wounds {unknown}
Books
 b - a book of Conjurations

   Spells                             Type                      Level
   a - Magic Dart                     Conjuration                  1
   b - Searing Ray                    Conjuration                  2
   c - Dazzling Spray                 Conjuration/Hexes            3
   d - Fulminant Prism                Conjuration/Hexes            4
   e - Iskenderun's Mystic Blast      Conjuration                  4
   f - Iskenderun's Battlesphere      Conjuration/Charms           5
Comestibles
 c - a bread ration
 f - a chunk of flesh
 i - a beef jerky
 v - a slice of pizza
 x - 3 fruits


   Skills:
 + Level 4.3 Dodging
 - Level 2.4 Stealth
 + Level 4.6 Spellcasting
 * Level 6.1 Conjurations


You had 10 spell levels left.
You knew the following spells:

 Your Spells              Type           Power        Failure   Level  Hunger
a - Magic Dart            Conj           ####         1%          1    None
b - Searing Ray           Conj           ####..       1%          2    #......


Dungeon Overview and Level Annotations

Branches:
Dungeon (3/15)

Altars:
Makhleb
Zin


Message History

Something barely misses you.
Casting: Magic Dart
Confirm with . or Enter, or press ? or * to list all spells.
You can't see any susceptible monsters within range! (Use Z to cast anyway.)
Casting: Magic Dart
Confirm with . or Enter, or press ? or * to list all spells.
You can't see any susceptible monsters within range! (Use Z to cast anyway.)
You hear some strange, mumbled words.
A puff of flame appears from out of thin air!
The puff of flame hits you!
Casting: Magic Dart
Confirm with . or Enter, or press ? or * to list all spells.
You can't see any susceptible monsters within range! (Use Z to cast anyway.)
Something hits you.
* * * LOW HITPOINT WARNING * * *
A giant cockroach comes into view.
You hear some strange, mumbled words.
A puff of flame appears from out of thin air!
The puff of flame hits you!
You die...

#.# #.#...####. #
#.## #..)...## .#
. #.......##.>#.#
#.#........†..|.#
#.#.......##..###
#.............#
###.#....###.##
#.##...# #
#@##...# #†##...#
#.#.....# ... ...
... .s..[ .####
#.


You could see a giant cockroach (sleeping).

Vanquished Creatures
  An orc priest (D:3)
  Natasha (thrice) (D:3)
  5 adders
  2 worms
  A dart slug (D:2)
  A leopard gecko (D:3)
  2 orcs (D:3)
  7 bats
  A giant cockroach (D:2)
  4 goblins
  7 hobgoblins
  4 jackals (D:2)
  A quokka (D:2)
  3 ball pythons
  6 frilled lizards
  8 kobolds
  5 rats
61 creatures vanquished.

Notes
Turn   | Place    | Note
-------+----------+-------------------------------------------
     0 | D:1      | Naow the Deep Elf Conjurer began the quest for the Orb.
     0 | D:1      | Reached XP level 1. HP: 10/10 MP: 6/6
   145 | D:1      | Reached XP level 2. HP: 15/15 MP: 2/8
   650 | D:2      | Learned a level 2 spell: Searing Ray
   982 | D:2      | Reached XP level 3. HP: 19/19 MP: 3/10
  1060 | D:2      | Reached skill level 5 in Conjurations
  1630 | D:3      | Reached XP level 4. HP: 24/24 MP: 7/12
  1718 | D:3      | Found a burning altar of Makhleb.
  1780 | D:3      | Found a glowing silver altar of Zin.
  1780 | D:3      | Noticed Natasha
  1782 | D:3      | Killed Natasha
  1845 | D:3      | Noticed Natasha
  1849 | D:3      | Killed Natasha
  1849 | D:3      | Reached XP level 5. HP: 16/28 MP: 8/13
  1897 | D:3      | Noticed Natasha
  2038 | D:3      | Killed Natasha
  2174 | D:3      | Reached skill level 6 in Conjurations
  2204 | D:3      | Killed from afar by an orc wizard

Skill      XL: |  1  2  3  4  5 |
---------------+----------------+-----
Dodging        | 3 4 |  4.3
Conjurations   | 5 6 |  6.1
Spellcasting   | 4 |  4.6
Stealth        | |  2.4

Action                   |  1- 3 |  4- 6 || total
-------------------------+-------+-------++-------
Melee: Unarmed           |    14 |       ||    14
 Cast: Magic Dart        |    77 |    47 ||   124
       Searing Ray       |     1 |     1 ||     2
  Eat: Chunk             |     2 |     2 ||     4
Armor: Robe              |     5 |     1 ||     6
Dodge: Dodged            |    16 |     8 ||    24
